 Dungeon Crawl Stone Soup version 0.14.0-12-g87ee3b7 (webtiles) character file.

3 Bloax the Magician (level 1, -1/9 HPs)
             Began as a Vine Stalker Wizard on Apr 15, 2014.
             Slain by a kobold (4 damage)
             ... on Level 1 of the Dungeon.
             The game lasted 00:00:52 (81 turns).

Bloax the Magician (Vine Stalker Wizard)              Turns: 81, Time: 00:00:52

HP  -1/9         AC  2     Str  9      XL: 1   Next: 50%
MP   0/4         EV 12     Int 18      God:
Gold 0           SH  0     Dex 12      Spells:  1 memorised,  5 levels left

rFire  . . .     SeeInvis .     (no weapon)
rCold  + . .     Clarity  +     f - +0 robe {rC+}
rNeg   . . .     Conserve .     (no shield)
rPois  .         rCorr    .     b - +0 hat
rElec  .         rRot     +     (no cloak)
SustAb . .       Spirit   +     (no gloves)
rMut   .         Warding  .     (no boots)
Saprov . . .     Stasis   .     a - amulet of clarity {unknown}
MR     .....                    (no ring)
                                (no ring)

@: not resistant to hostile enchantments, fairly stealthy
A: fangs 2, regeneration 1, magic shield, antimagic bite, no device heal
a: no special abilities


You were on level 1 of the Dungeon.
You were not hungry.

You visited 1 branch of the dungeon, and saw 1 of its levels.


Innate Abilities, Weirdness & Mutations

You are immune to rotting.
You have extremely sharp teeth.
Your natural rate of healing is unusually fast.
When hurt, damage is shared between your health and your magic reserves.
Your bite disrupts and absorbs the magic of your enemies.
Potions and wands cannot restore your HP.


   Skills:
 - Level 1.5 Dodging
 - Level 2.4 Stealth
 + Level 3.4 Spellcasting
 + Level 1.2 Conjurations
   Level 1.0 Summonings
   Level 1.0 Translocations


You had 5 spell levels left.
You knew the following spells:

 Your Spells              Type           Power        Failure   Level  Hunger
a - Magic Dart            Conj           #...         12%         1    None


Dungeon Overview and Level Annotations

Branches:
Dungeon (1/15)

Altars:

Inventory:

Armour
 b - a +0 hat (worn)
 f - a +0 robe of cold resistance (worn)
   (You found it on level 1 of the Dungeon)
Comestibles
 d - a bread ration
Scrolls
 e - a scroll of noise {unknown}
 g - a scroll of teleportation {unknown}
Jewellery
 a - an amulet of clarity (around neck) {unknown}
   (You found it on level 1 of the Dungeon)
Potions
 h - a potion of curing {unknown}
Books
 c - a book of Minor Magic

   Spells                             Type                      Level
   *Magic Dart                        Conjuration                  1
   Blink                              Translocation                2
   Call Imp                           Summoning                    2
   Repel Missiles                     Charms/Air                   2
   Slow                               Hexes                        2
   Conjure Flame                      Conjuration/Fire             3
   Mephitic Cloud                     Conjuration/Poison/Air       3

#........#
#7...P.~~~PPP~
#........#
#77<.....~~PP~
#........#
#77777..P.~~~~
####.....#
#############
##.....#
#..)...#
#.....?#
#...b.!#
#.....@#
##.....K#
#......l#
#....J.##
#......#
#......#
#......##
#.......#
.......?....#


You could see an ooze, a bat, a kobold and a giant newt.


Message History

The ooze is severely wounded.
The ooze hits you. The ooze closely misses you.
Things that are here:
a club; a goblin corpse
Found a slimy green potion.
Your magical contamination has completely faded away.
Found a scroll labeled BLECWE LUSO.
Casting: Magic Dart
Aiming: Magic Dart
Aim: an ooze (severely wounded)
The magic dart hits the ooze.
The ooze is severely wounded.
Unknown command.
Casting: Magic Dart
Aiming: Magic Dart
Aim: an ooze (severely wounded)
The magic dart hits the ooze.
The ooze is almost dead.
The ooze misses you.
Unknown command.
You hit the ooze but do no damage. You bite the ooze. You drain its power.
You feel invigorated.
The ooze is almost dead.
The ooze barely misses you.
Casting: Magic Dart
Aiming: Magic Dart
Aim: an ooze (almost dead)
The magic dart hits the ooze.
You kill the ooze!
Unknown command.
A kobold comes into view.
The kobold shouts!
A giant newt and a bat come into view.
You see here a slimy green potion.
h - a slimy green potion An ooze comes into view.
The bat closely misses you.
You closely miss the bat. The bat completely misses you. The kobold hits you.
You hit the kobold but do no damage. The bat closely misses you.
The kobold hits you.
You closely miss the kobold. You bite the kobold, but do no damage.
The bat closely misses you. The kobold misses you.
You completely miss the kobold. The bat closely misses you.
The kobold hits you.
* * * LOW HITPOINT WARNING * * *
The bat misses you. The bat barely misses you. The bat closely misses you.
The bat hits you but does no damage. The bat closely misses you.
The bat hits you.
* * * LOW HITPOINT WARNING * * *
Casting: Magic Dart
Aiming: Magic Dart
Aim: a bat The magic dart hits the bat.
The bat is almost dead.
The bat hits you.
* * * LOW HITPOINT WARNING * * *
Unknown command.
Unknown command.
The bat barely misses you.
Casting: Magic Dart
Aiming: Magic Dart
Aim: a bat (almost dead)
The magic dart hits the bat.
The bat is almost dead.
The bat hits you but does no damage. The kobold hits you.
You die...

Action                   || total
-------------------------++-------
Melee: Unarmed           ||     9
 Cast: Magic Dart        ||     9

Vault maps used:
D:1:      tarquinn_simple_flora_water_c

Notes
Turn   | Place    | Note
--------------------------------------------------------------
     0 | D:1      | Bloax, the Vine Stalker Wizard, began the quest for the Orb.
     0 | D:1      | Reached XP level 1. HP: 9/9 MP: 4/4
    81 | D:1      | Slain by a kobold

Vanquished Creatures
  An ooze (D:1)
  A goblin (D:1)
  A rat (D:1)
3 creatures vanquished.
